Unix NetHack Version 5.0.0-0 post-release - last build May  4 2026 22:22:43 (774f63e81ad911689b3a0859ea89b322d5daca8d,branch:main).

Game began 2026-05-10 00:48:31, ended 2026-05-10 00:58:12.

Kwijibo4686, neutral female human Valkyrie

                                                            -------
         -----                                ------        |.....|
         |....###################             |....|       #......|
         |...|                  #####         |....|       #|.....|
         |...|                      ##########-....|       #|.....-#
         |...|      ------------            ##|....|       #|.....|#
         |...|     #...........|            #`|...>|       #-------#
         |....######|..........|            ##|....|       ##      #
         -----      |..<........#           ##----.-        #    ###
                    |....%..%..|#           #     #         #    #
                    ------------#           #     ###       #    #
                                ###         #       ##      #    #
                                  #         #        ####   #   B#
                                  #         #   --------.---#   @-------
                                  #    -----#   |..........|#   #|.....|
                                  #    |...-####|.......`...#   #......|
                                  #####-...|   #...........|     |._(__|
                                       |..>|    |..........|     |.....|
                                       --.--    ------------     -------

Kwijibo4686 the Skirmisher  St:15 Dx:13 Co:18 In:11 Wi:8 Ch:10  Neutral
Dlvl:2  $:69 HP:0(44) Pw:11(11) AC:6  Xp:4 T:1488 

Latest messages:
 The kitten drops a dwarvish spear.
 Your kitten eats a dwarf corpse.
 You swap places with your kitten.
 s - a granite ring.
 There are several more objects here.
 The newt bites!
 You kill the newt!
 t - a dwarvish iron helm.
 u - a pair of iron shoes.
 v - an avocado.
 w - a banana.
 x - a dog eared spellbook.
 You descend the stairs.
 You kill the hobbit!
 You kill the gnome!
 y - a sky blue potion.
 You see here a gnome corpse.
 There is a gnome corpse here; eat it? [ynq] (n) y
 This gnome corpse is fatty.
 You finish eating the gnome corpse.
 There is a hobbit corpse here; eat it? [ynq] (n) y
 This hobbit corpse tastes terrible!
 You finish eating the hobbit corpse.
 You climb up the stairs.
 You climb up the stairs.
 You swap places with your kitten.
 You hear the footsteps of a guard on patrol.
 The giant bat bites!
 The giant bat bites!
 The giant bat just misses!
 The giant bat bites!
 The giant bat misses!
 You miss the giant bat.
 The giant bat bites!
 The giant bat bites!
 You miss the giant bat.
 The giant bat bites!
 You hit the giant bat.
 The giant bat misses!
 The giant bat bites!
 You miss the giant bat.
 The giant bat bites!
 The giant bat bites!
 You hit the giant bat.
 The giant bat bites!
 The giant bat bites!
 The giant bat bites!
 The giant bat bites!
 You die...
 Do you want your possessions identified? [ynq] (y) q

Inventory:
 Coins    ('$')
  $ - 69 gold pieces
 Weapons  (')')
  a - a +1 spear (weapon in left hand)
 Armor    ('[')
  t - an uncursed +0 dwarvish iron helm
  u - a cursed -1 pair of iron shoes
  c - an uncursed +3 small shield (being worn)
 Comestibles  ('%')
  v - a cursed avocado
  w - a cursed banana
  d - 2 uncursed food rations
 Spellbooks  ('+')
  x - a cursed spellbook of haste self
 Potions  ('!')
  r - an uncursed potion of levitation
  y - a cursed potion of object detection
 Rings    ('=')
  s - a cursed ring of poison resistance

Kwijibo4686 the Valkyrie's attributes:

Background:
 You were a Skirmisher, a level 4 human Valkyrie.
 You were neutral, on a mission for Odin
 who was opposed by Tyr (lawful) and Loki (chaotic).
 You were left-handed.
 You were in the Dungeons of Doom, on level 2.
 You entered the dungeon 1488 turns ago.
 It was the midnight hour.
 You had 126 experience points, 34 more were needed to attain level 5.

Basics:
 You had 0 out of 44 hit points.
 You had all 11 energy points (spell power).
 Your armor class was 6.
 Your wallet contained 69 zorkmids.
 Autopickup was on for '$?!/="' plus thrown.

Final Characteristics:
 Your strength was 15 (limit:18/100).
 Your dexterity was 13 (limit:18).
 Your constitution was 18 (limit:18).
 Your intelligence was 11 (limit:18).
 Your wisdom was 8 (limit:18).
 Your charisma was 10 (limit:18).

Final Status:
 You weren't hungry.
 You were unencumbered.
 You were wielding a spear.
 You had basic skill with spear.

Final Attributes:
 You were devoutly aligned.
 You were cold resistant.
 You were telepathic.
 You were stealthy.
 You are dead.

Miscellaneous:
 You encountered 1 bones level.
 Total elapsed playing time was 9 minutes and 41 seconds.

Major events:
 Turn
    1: Kwijibo4686 the neutral human Valkyrie entered the dungeon
  443: entered the Gnomish Mines
  685: attained the rank of Skirmisher (level 3)
 1488: killed by a giant bat

You didn't know any spells.

Skills:
 Fighting Skills
   bare handed combat [Unskilled]
   two weapon combat  [Unskilled]
   riding             [Unskilled]
 Weapon Skills
   dagger             [Basic]
   axe                [Unskilled]
   pick-axe           [Unskilled]
   short sword        [Unskilled]
   broadsword         [Unskilled]
   long sword         [Unskilled]
   two-handed sword   [Unskilled]
   saber              [Unskilled]
   hammer             [Unskilled]
   quarterstaff       [Unskilled]
   polearms           [Unskilled]
   spear              [Basic]
   trident            [Unskilled]
   lance              [Unskilled]
   sling              [Unskilled]
 Spellcasting Skills
   attack spells      [Unskilled]
   escape spells      [Unskilled]

Voluntary challenges:
 Character rerolling was not enabled.
 You never genocided any monsters.
 You never polymorphed an object.
 You never changed form.
 You used no wishes.
Achievements:
 You entered the Gnomish Mines.
 You attained the rank of Skirmisher.

 The Dungeons of Doom: levels 1 to 4
    Level 1:
    Level 2: <- You were here.
       Many altars.
       Stairs down to The Gnomish Mines.
       Final resting place for
          you, killed by a giant bat.
    Level 3:
       A fountain, a sink.
    Level 4:
       A fountain.
 The Gnomish Mines: levels 3 to 4
    Level 3:
       Final resting place for
          tormagor-Bar-Orc-Mal-Cha, killed by a dwarf.
    Level 4:


Vanquished creatures:
  a shrieker
  2 floating eyes
  a dwarf
  a homunculus
  a werejackal
 an iguana
  a hobbit
  a large kobold
  2 cave spiders
  a brown mold
  a gnome
  2 geckos
  a jackal
  2 kobolds
  a goblin
  2 sewer rats
  4 grid bugs
  3 lichens
  2 newts
30 creatures vanquished.

No species were genocided or became extinct.

Game over:
                       ----------
                      /          \
                     /    REST    \
                    /      IN      \
                   /     PEACE      \
                  /                  \
                  |   Kwijibo4686    |
                  |      69 Au       |
                  |   killed by a    |
                  |    giant bat     |
                  |                  |
                  |                  |
                  |       2026       |
                 *|     *  *  *      | *
        _________)/\\_//(\/(/\)/\//\/|_)_______

Farvel Kwijibo4686 the Valkyrie...

You died in The Dungeons of Doom on dungeon level 2 with 727 points,
and 69 pieces of gold, after 1488 moves.
You were level 4 with a maximum of 44 hit points when you died.

